[Event "Teplice Open 2022"]
[Site "Teplice"]
[Date "2022.06.25"]
[Round "8.14"]
[White "Raja Harshit"]
[Black "Souhardo Basak"]
[Result "1-0"]
[ECO "B94"]
[WhiteElo "2479"]
[BlackElo "2357"]
[Annotator "TA"]
[PlyCount "75"]
[EventDate "2022.06.18"]
[EventType "swiss"]
[EventCountry "CZE"]
[SourceTitle "playchess.com"]
[Source "ChessBase"]
[SourceQuality "1"]
[TimeControl "40/5400+30:1800+30"]

1. e4 c5 2. Nf3 d6 3. d4 cxd4 4. Nxd4 Nf6 5. Nc3 a6 6. Bg5 Nbd7 7. Qe2 {[%emt 0:00:05] 7.Qe2 is a critical line. B94: Sicilian Najdorf: 6 Bg5 Nbd7.} Qc7 8. O-O-O e6 9. g3 {[%emt 0:00:13] [#]} (9. f4 $14) 9... b5 $146 ({Predecessor:} 9... Be7 10. f4 b5 11. Bg2 b4 12. e5 bxc3 13. exf6 gxf6 14. Bxa8 Qb8 15. bxc3 Qxa8 {1-0 (25) Sheng,J (2477)-Souhardo,B (2382) Budapest 2021}) 10. Bg2 b4 $1 11. e5 bxc3 12. exf6 gxf6 13. Bf4 (13. Bxa8 $5 cxb2+ 14. Kxb2 fxg5 15. Bg2 $11) 13... Ne5 $2 14. Bxe5 $2 {[%emt 0:16:40] White is more active.} (14. Bxa8 $16 {Black must now prevent b3.} Qb8 15. b3 $1 (15. bxc3 Qxa8 16. Rhe1 Bb7 $16) 15... Qxa8 16. Rhe1) 14... fxe5 15. Bxa8 {[%emt 0:02:17] Nb3 is the strong threat.} exd4 16. Rxd4 {[%emt 0:10:01] And now Rc4 would win.} Bh6+ 17. f4 $1 Bb7 (17... O-O $1 $11 {remains equal.}) 18. Bxb7 $16 Qxb7 19. Qe4 Qxb2+ 20. Kd1 {[%emt 0:00:25] Chess con chili.} O-O {[%emt 0:02:44] Strongly threatening ...d5.} 21. Rxd6 Qb5 (21... Qb8 $16 {was necessary.} 22. Rd7 (22. Rxa6 $2 Rd8+ 23. Ke2 Qb5+ 24. Kf3 Qxa6 $19) 22... Qb5) 22. a4 $18 Qh5+ 23. Qe2 Qc5 24. Qd3 (24. Qxa6 $6 Rb8 25. Ke2 Bf8 $16) 24... Bg7 (24... Qf2 $142 25. h4 (25. Rxa6 $2 Rb8 $19) 25... Qg2) 25. Ke2 ({Less strong is} 25. Rxa6 Bf6 26. Rd6 Rb8 $16) (25. Qxa6 $6 Rb8 26. Ke2 Bf8 $16) 25... Bf6 26. Rf1 {[%emt 0:05:58] Threatens to win with f5.} ({But not} 26. Qxa6 Rb8 27. Kf3 Rb2 $18) 26... Qh5+ 27. Qf3 Qc5 (27... Qf5 {might work better.}) 28. Rfd1 Qc4+ 29. Qd3 Qxa4 30. Rxa6 Qb4 31. Rda1 Qb7 {[%emt 0:04:10] [#]} 32. Qf3 $1 ({Weaker is} 32. Kf2 Rd8 33. Rd6 Rxd6 34. Qxd6 Qe4 $11) 32... Qb5+ 33. Kf2 Qf5 34. Qd3 {[%emt 0:03:01] Hoping for Qxf5.} Qh5 35. Kg2 Kg7 36. R1a5 Qh6 37. Rd6 Rb8 38. Rd7 {[%emt 0:00:17] Weighted Error Value: White=0.17 (very precise) /Black=0.38} 1-0

[Event "Teplice Open 2022"]
[Site "Teplice"]
[Date "2022.06.25"]
[Round "8.15"]
[White "Richter, Nils"]
[Black "Das, Arghyadip"]
[Result "1-0"]
[ECO "A43"]
[WhiteElo "2359"]
[BlackElo "2472"]
[Annotator "TA"]
[PlyCount "73"]
[EventDate "2022.06.18"]
[EventType "swiss"]
[EventCountry "CZE"]
[SourceTitle "playchess.com"]
[Source "ChessBase"]
[SourceQuality "1"]
[TimeControl "40/5400+30:1800+30"]

1. d4 c5 2. d5 d6 3. e4 g6 4. Nc3 Bg7 5. Bb5+ Bd7 6. a4 Nf6 7. Nf3 O-O 8. h3 Bxb5 {[%emt 0:00:37] is now debated instead of 8...Na6.} 9. axb5 Nbd7 10. O-O Ne8 {[%emt 0:00:05] A43: Schmid Benoni.} 11. Bg5 Nc7 12. Qe2 Nb6 {[%emt 0:09:07] The position is equal.} 13. Nh2 Qd7 14. Ng4 f5 ({Black should play} 14... h5 $11 15. Ne3 (15. Nh6+ Kh7 $17) 15... e6) 15. Nh6+ $14 Kh8 {[%emt 0:02:34] [#]} 16. f4 $146 (16. exf5 $14 {stays ahead.} gxf5 17. Rfe1 (17. Qxe7 Qxe7 18. Bxe7 Bxh6 $15)) ({Predecessor:} 16. exf5 gxf5 17. Rfe1 Ncxd5 18. Nxd5 Nxd5 19. Rad1 Nf6 20. Qxe7 Qxe7 21. Rxe7 Ne4 22. Bf4 Bxb2 {1-0 (75) Sedlak,N (2557)-Chatalbashev,B (2613) Cetinje 2010}) 16... e6 $17 17. dxe6 Nxe6 (17... Qxe6 18. exf5 Qxe2 19. Nxe2 $11) 18. exf5 Nd4 (18... gxf5 $17 19. Qh5 d5) 19. Qd3 $11 gxf5 20. Rfe1 {[%emt 0:00:09] Inhibits Qe6. Re7 is the strong threat.} Bf6 {[%emt 0:00:10] Inhibits Re7.} (20... Rae8 $11 21. Ne2 c4) 21. Kh1 $14 Qg7 22. h4 {[%emt 0:02:01] White is more active. White leaves nothing to chance now.} Qd7 23. Ne2 {[%emt 0:03:42] Threatens to win with Nxd4.} (23. Rad1 $5 ) 23... Ne6 (23... Nxb5 24. Ng3 $16) (23... Qxb5 $14 24. Nxd4 Qxd3 25. cxd3 (25. Bxf6+ $2 Rxf6 26. cxd3 cxd4 $19) 25... Bxd4) 24. Ng3 $1 $18 ({Inferior is} 24. Nxf5 Bxb2 25. Rab1 Nxg5 26. hxg5 Qxf5 $11) ({Much less strong is} 24. Bxf6+ $6 Rxf6 25. Nxf5 c4 $14) 24... Ng7 {[%emt 0:00:11] [#]} ({Weaker is} 24... Bxb2 25. Rab1 Nxg5 26. hxg5 $16) 25. Re2 $1 {[%emt 0:03:00] aiming for Rae1.} c4 {[%emt 0:01:48] [#]} 26. Qf3 Qxb5 27. Qxb7 {[%emt 0:01:06] Hoping for Bxf6.} Qd7 28. Qf3 d5 29. Rae1 Bxg5 $2 (29... d4 30. Bxf6 Rxf6) 30. fxg5 {[%emt 0:01:14] Black must now prevent Nh5.} f4 31. Re7 fxg3 32. Nf7+ Kg8 33. Rxd7 Nxd7 34. Qxd5 (34. Nh6+ $142 Kh8 35. Qxd5) 34... Rxf7 35. Qxa8+ Nf8 36. Qd5 Nge6 37. Kg1 {[%emt 0:01:21] Weighted Error Value: White=0.26 (precise) /Black=0.52} 1-0

[Event "Teplice Open 2022"]
[Site "Teplice"]
[Date "2022.06.25"]
[Round "8.16"]
[White "Brejnik, Gustav"]
[Black "Hollan, Martin"]
[Result "0-1"]
[ECO "D74"]
[WhiteElo "2246"]
[BlackElo "2391"]
[Annotator "TA"]
[PlyCount "80"]
[EventDate "2022.06.18"]
[EventType "swiss"]
[EventCountry "CZE"]
[SourceTitle "playchess.com"]
[Source "ChessBase"]
[SourceQuality "1"]
[TimeControl "40/5400+30:1800+30"]

1. d4 Nf6 2. c4 g6 3. Nf3 Bg7 4. g3 O-O 5. Bg2 d5 6. cxd5 Nxd5 7. O-O Nc6 8. Nc3 e5 {[%emt 0:01:54][%cal Re5d4] D74: Fianchetto Grünfeld: Main Line (5 Nf3 0-0 6 cxd5 Nxd5 7 0-0).} 9. Nxd5 e4 {[%emt 0:00:26] [#]} 10. Nd2 $1 Qxd5 {[%emt 0:00:22] The position is equal.} 11. e3 (11. Nxe4 $5 Qxd4 12. Nc3 $11) 11... f5 12. b3 Be6 {[%emt 0:08:10] [#]} 13. a4 $146 ({Predecessor:} 13. Ba3 Rfd8 14. Rc1 Qd7 15. Qc2 Rac8 16. Rfd1 Ne7 17. Bxe7 Qxe7 18. Bf1 Kh8 19. Be2 {0-1 (91) Duda,J (2737)-Grischuk,A (2766) Chess.com INT 2018}) 13... Rad8 14. Ba3 Rfe8 15. Nc4 Qd7 16. Qc2 Qf7 17. Rac1 Bd5 18. Rfd1 g5 19. Bf1 f4 20. b4 $1 {[%emt 0:00:07][%cal Bb3b4,Bb4b5][%mdl 32] Against a5} Re6 (20... Qe6 $11) 21. b5 $16 Ne7 22. Ne5 Bxe5 23. dxe5 c6 24. bxc6 bxc6 25. f3 (25. Qe2 $5 ) 25... exf3 26. e4 fxg3 27. Bxe7 f2+ (27... Qf4 $5 28. exd5 Rh6 $1 $11) 28. Kg2 $1 gxh2 {[%emt 0:01:20] [#]} (28... Rxe7 $14 29. exd5 gxh2) 29. Kh1 $1 Rxe7 $11 {[%emt 0:00:44] The board is on fire.} 30. exd5 Rxd5 31. Rxd5 cxd5 32. Qc8+ Kg7 33. Qc3 (33. Qg4 $1 $14) 33... Qf4 $1 {[%emt 0:00:23][%csl LRa4,LRe5] White must now prevent ...g4.} 34. Rd1 $2 {[%emt 0:00:41] [#]} ({White should play} 34. e6+ $11 d4 35. Qc5 Rxe6 36. Qc7+ Qxc7 37. Rxc7+ Kf6 38. Kxh2) 34... Qxe5 (34... Qg4 $1 $17 35. e6+ Kh6 36. Qh3+ Qxh3 37. Bxh3 g4 38. Bxg4 Rg7) 35. Qd2 $2 {[%emt 0:01:24][%mdl 8192] This costs White the game.} (35. Qxe5+ $15 Rxe5 36. Rd2) 35... Qg3 $19 36. Qd4+ Re5 ({Not} 36... Kh6 37. Qf6+ Kh5 38. Be2+ Rxe2 39. Qf7+ Kh4 40. Qxh7+ Kg4 41. Qd7+ Kf4 42. Qf7+ Ke3 43. Qe6+ Kf4 44. Qf7+ Kg4 45. Qd7+ Kh5 46. Qh7+ Kg4 47. Qd7+ $11) 37. Qxa7+ Kh6 {[%emt 0:00:06][%csl Gf2,Gh2][%cal Rg3g1] Black mates.} 38. Qa6+ Kh5 39. Be2+ g4 40. Bxg4+ Qxg4 {[%emt 0:00:07] Weighted Error Value: White=0.66/Black=0.22 (precise)} 0-1

[Event "Teplice Open 2022"]
[Site "Teplice"]
[Date "2022.06.25"]
[Round "8.17"]
[White "Fridman, Daniel"]
[Black "Shohat, Yotam"]
[Result "1-0"]
[ECO "A43"]
[WhiteElo "2605"]
[BlackElo "2331"]
[Annotator "TA"]
[PlyCount "89"]
[EventDate "2022.06.18"]
[EventType "swiss"]
[EventCountry "CZE"]
[SourceTitle "playchess.com"]
[Source "ChessBase"]
[SourceQuality "1"]
[TimeControl "40/5400+30:1800+30"]

1. d4 Nf6 2. Nf3 c5 3. d5 e6 4. Nc3 d6 5. e4 a6 6. a4 {[%emt 0:00:38] A43: Schmid Benoni.} exd5 {[%emt 0:01:29] The main line 6...exd5 scores better than 6...Be7.} 7. exd5 Be7 8. h3 {[%emt 0:00:44] White is slightly better.} O-O 9. Bd3 Nbd7 10. O-O Nb6 11. Be2 {[%emt 0:05:12] [#]} Bf5 $146 ({Predecessor:} 11... Re8 12. a5 Nbd7 13. Nd2 b5 14. axb6 Nxb6 15. Nb3 h6 16. Na5 Qc7 17. Re1 Bf8 {0-1 (36) Razin,V (2288)-Rakhmangulov,A (2323) Ilichevsk 2008}) 12. a5 Nc8 13. Re1 Ne4 14. Nxe4 Bxe4 15. Bd3 Bxd3 16. Qxd3 Bf6 17. g4 b5 18. axb6 Nxb6 {[%emt 0:00:03] [#]} 19. g5 $1 Be7 20. Bd2 Qd7 21. Ba5 Rfb8 (21... Nc8 $14) 22. Re4 ({White should try} 22. b3 $16) 22... Bf8 $14 23. Rh4 g6 $1 24. Bc3 Qf5 (24... Qb5 $11 {remains equal.}) 25. Qxf5 $16 gxf5 26. Rd1 $40 {[%emt 0:00:08][%mdl 128] White has strong attack. White is much more active.} Re8 27. Rf4 Rab8 ({Black should play} 27... a5) 28. b3 ({Resist} 28. Rxf5 Na4 $14) (28. Kf1 $16) 28... Re2 $14 29. Ne1 Rbe8 (29... c4 $11 {keeps the balance.}) 30. Kf1 {[%emt 0:00:33] Black is on the road to losing.} Bg7 {[%emt 0:11:02] [#]} 31. Ba5 Nd7 (31... Nc8 $142) 32. Rxf5 $16 Bd4 (32... c4 $16) 33. Bd2 c4 (33... R2e4 $16 {was called for.} 34. Bf4 Be5) 34. Be3 $18 (34. bxc4 $6 R2e5 35. Rf4 Bb6 $18) 34... R2xe3 35. fxe3 Bxe3 36. b4 ({Don't do} 36. bxc4 $6 Nb6 $16) 36... Kg7 (36... Re4 $142 37. Ra1 Bd2) 37. Nf3 Kg6 $2 (37... Re4) 38. Nh4+ Kh5 39. Rxf7 Ne5 40. Rxh7+ Kxg5 41. Kg2 {[%emt 0:31:16] And now Rf1 would win. White is clearly winning.} Bf4 (41... Rf8 $142 42. Rf1 Rxf1 43. Kxf1 Bd4) 42. Rf1 {[%emt 0:00:00] Black must now prevent Rg7+.} Rf8 43. Kh1 c3 44. Ng2 Ng6 45. Rg7 {[%emt 0:00:00] Weighted Error Value: White=0.17 (very precise) /Black=0.36} 1-0

[Event "Teplice Open 2022"]
[Site "Teplice"]
[Date "2022.06.25"]
[Round "8.18"]
[White "Wagh Suyog"]
[Black "Azarov, Sergei"]
[Result "1/2-1/2"]
[ECO "E04"]
[WhiteElo "2352"]
[BlackElo "2588"]
[Annotator "TA"]
[PlyCount "82"]
[EventDate "2022.06.18"]
[EventType "swiss"]
[EventCountry "CZE"]
[SourceTitle "playchess.com"]
[Source "ChessBase"]
[SourceQuality "1"]
[TimeControl "40/5400+30:1800+30"]

1. d4 Nf6 2. c4 e6 3. g3 d5 4. Nf3 dxc4 5. Bg2 Bd7 6. Ne5 Bc6 7. Nxc6 Nxc6 8. O-O Qd7 {[%emt 0:01:06] E04: Open Catalan: 5 Nf3.} 9. e3 Rd8 {[%emt 0:00:30] 9...Nd5 is a critical line.} 10. Qa4 Nb4 11. Qxd7+ Nxd7 12. Na3 {[%emt 0:05:49] Prevents Nc2.} Nb6 13. Bxb7 c6 {[%emt 0:05:26] [#] ...Rb8 is the strong threat.} 14. Bd2 Kd7 {[%emt 0:00:23] Hoping for ...a5.} 15. Bxb4 Bxb4 16. Nc2 Bd6 17. Ba6 Rb8 {[%emt 0:05:39] [#]} 18. Rab1 $146 ({Predecessor:} 18. b3 c3 19. e4 f5 20. exf5 exf5 21. Ne3 Ba3 22. Nxf5 Nd5 23. Ne3 Nxe3 24. fxe3 {0-1 (31) Truskavetsky,A (2393)-Grachev,B (2626) Sochi 2018}) 18... Na4 19. Bxc4 Rxb2 20. Rxb2 Nxb2 21. Be2 Rb8 22. Rb1 Rb6 23. Na1 Na4 24. Rb3 Rxb3 25. axb3 $11 {[%emt 0:00:12][%mdl 4096] Endgame KBN-KBN} Nc3 26. Bc4 c5 27. dxc5 Bxc5 28. Kf1 g5 29. g4 a5 30. Nc2 h6 31. Ne1 Ne4 32. Ke2 {[%emt 0:01:22] Inhibits Nd2.} f5 33. h3 Nf6 34. Nd3 Bd6 35. f3 Ke7 36. Ba6 Nd5 37. e4 fxe4 38. fxe4 Nc3+ 39. Kf3 {[%emt 0:00:12] The position is equal.} Kf6 40. Bc4 Nb1 41. Ke2 Nc3+ {[%emt 0:03:36] Weighted Error Value: White=0.02 (flawless) /Black=0.02 (flawless)} 1/2-1/2

[Event "Teplice Open 2022"]
[Site "Teplice"]
[Date "2022.06.25"]
[Round "8.19"]
[White "Budisavljevic, Luka"]
[Black "Dixit, Nikhil"]
[Result "1-0"]
[ECO "E94"]
[WhiteElo "2507"]
[BlackElo "2331"]
[Annotator "RC"]
[PlyCount "79"]
[EventDate "2022.06.18"]
[EventType "swiss"]
[EventCountry "CZE"]
[SourceTitle "playchess.com"]
[Source "ChessBase"]
[SourceQuality "1"]
[TimeControl "40/5400+30:1800+30"]

1. d4 Nf6 2. c4 g6 3. Nc3 Bg7 4. e4 d6 5. Be2 O-O 6. Nf3 e5 7. O-O exd4 8. Nxd4 Re8 9. f3 Nc6 10. Be3 Nh5 11. Nc2 a5 12. Qd2 Bd7 13. Nd5 Ne7 14. Nc3 f5 15. Bg5 Bf6 16. f4 Bxg5 17. fxg5 Ng7 18. exf5 Bxf5 19. Ne3 c6 20. g4 Qb6 21. Kh1 Be6 22. Ne4 Rf8 23. Nf6+ Kh8 24. h4 Qc5 25. Ng2 d5 26. h5 gxh5 27. gxh5 Ngf5 28. Qc3 d4 29. Qh3 Qe5 30. Nf4 h6 31. Bg4 Bxc4 32. Bxf5 Bxf1 33. Rxf1 Qe3 34. Rf3 Qe1+ 35. Kg2 hxg5 36. Ng6+ Kg7 37. h6+ Kf7 38. Nxf8 Rxf8 39. Be6+ Qxe6 40. Nh7+ 1-0

[Event "Teplice Open 2022"]
[Site "Teplice"]
[Date "2022.06.25"]
[Round "8.20"]
[White "Mikes, Jan"]
[Black "Ferreira, Jorge Viterbo"]
[Result "0-1"]
[ECO "D00"]
[WhiteElo "2349"]
[BlackElo "2512"]
[Annotator "TA"]
[PlyCount "72"]
[EventDate "2022.06.18"]
[EventType "swiss"]
[EventCountry "CZE"]
[SourceTitle "playchess.com"]
[Source "ChessBase"]
[SourceQuality "1"]
[TimeControl "40/5400+30:1800+30"]

1. d4 d5 2. Nc3 Nf6 3. Bf4 e6 4. Nb5 Na6 5. Nf3 c6 6. Nc3 {[%emt 0:00:17] D00: 1 d4 d5: Unusual lines.} Bb4 7. a3 Bxc3+ 8. bxc3 {[%emt 0:00:04] Black is slightly better.} Ne4 {[%emt 0:00:17] [#]} 9. Qd3 $146 ({Predecessor:} 9. Bd2 c5 10. Qb1 Qa5 11. e3 c4 12. Qb2 Bd7 13. Ne5 Nd6 14. Nxd7 Kxd7 15. f3 {0-1 (24) Horvath,T (1877)-Csidey,C (1607) Hungary 2019}) 9... Qa5 10. Nd2 Qxc3 11. Qxc3 Nxc3 12. f3 Bd7 (12... c5 $15) 13. Nb3 (13. e4 $11) 13... c5 $15 14. dxc5 f6 15. Bd6 Nb5 16. e4 Nxd6 17. cxd6 dxe4 18. fxe4 Rc8 19. Bxa6 bxa6 20. O-O-O (20. O-O $15) 20... e5 $17 21. Na5 Be6 {[%emt 0:04:51] Prevents c4.} (21... Ba4 {with more complications.} 22. Rd2 Kd7 23. c4 Bb5) 22. d7+ (22. Rhe1 $17) 22... Bxd7 $19 23. Rd6 Bb5 24. Rhd1 O-O ({Better is} 24... Kf7 $19 25. Nb7 Kg6) 25. R1d2 (25. Kb2 $17 {might work better.}) 25... Rc7 (25... h6 $19 26. g4 Rf7) 26. Kb2 $17 Rfc8 27. a4 (27. Rd8+ $17 Kf7 28. Rxc8 Rxc8 29. Rd5) 27... Bxa4 $19 28. c4 Be8 29. g4 (29. Rd8 $142) 29... Kf8 30. h4 (30. g5 $142) 30... Ke7 31. g5 Bg6 32. gxf6+ gxf6 {[%emt 0:00:06] Hoping for ...Rb8+.} 33. Rxa6 $2 {[%emt 0:00:09] [#]} (33. Kc3) 33... Rb8+ 34. Kc3 Rb6 {[%emt 0:00:08] Inhibits Nc6+.} 35. Rxb6 axb6 36. Nb3 Bf7 {[%emt 0:00:20] Weighted Error Value: White=0.31/Black=0.14 (very precise)} 0-1